[Event "Team 45 45 League T52"]
[Site "Internet Chess Club"]
[Date "2012.02.22"]
[Round "2"]
[White "Innes"]
[Black "krysto"]
[Result "1-0"]
[WhiteElo "1670"]
[BlackElo "1601"]
[Opening "French: exchange variation"]
[ECO "C01"]
[Time "22:30:51"]
[TimeControl "2700+45"]

1. e4 e6 2. d4 d5 3. exd5 exd5 4. Bd3 Bd6 5. Qf3 Be6 6. Ne2 Nf6 7. h3 h6 8. Nbc3
Nc6 9. a3 a6 10. Be3 Qe7 11. O-O O-O 12. Rae1 Qd7 13. Bxh6 Ne4 14. Bxe4 dxe4 15.
Nxe4 Be7 16. Qg3 g6 17. Bxf8 Rxf8 18. h4 Kg7 19. h5 Rh8 20. Nf4 Bf5 21. hxg6
fxg6 22. d5 Ne5 23. Qc3 Bd6 24. Nxd6 cxd6 25. Ne6+ Kg8 26. f3 Rh4 27. Nd4 Qh7
28. Nxf5 Rc4 29. Qa5 Rc8 30. Nxd6 Re8 31. Nxe8 {Black resigns} 1-0

[Event "Team 45 45 League T52"]
[Site "Internet Chess Club"]
[Date "2012.02.27"]
[Round "2"]
[White "milesotoole"]
[Black "BrianWood"]
[Result "1-0"]
[WhiteElo "1538"]
[BlackElo "1478"]
[Opening "French: Tarrasch, closed variation, main line"]
[ECO "C06"]
[Time "21:35:53"]
[TimeControl "2700+45"]

1. e4 e6 2. d4 d5 3. Nd2 Nf6 4. e5 Nfd7 5. Bd3 c5 6. c3 Nc6 7. Ne2 cxd4 8. cxd4
Qb6 9. Nf3 f6 10. exf6 Nxf6 11. O-O Bd6 12. b3 O-O 13. Bf4 Nxd4 14. Nfxd4 e5 15.
Be3 exd4 16. Bxd4 Qd8 17. Ng3 b6 18. Rc1 Bb7 19. Re1 Ba3 20. Rc2 Rc8 21. Nf5
Rxc2 22. Qxc2 Ne4 23. Nxg7 Qc8 24. f3 Bc5 25. Qb2 Qd7 26. Nh5 Ng5 27. Bxc5 bxc5
28. Nf6+ Rxf6 29. Qxf6 Ne4 30. fxe4 dxe4 31. Bc4+ Bd5 32. Rd1 {Black resigns}
1-0

[Event "Team 45 45 League T52"]
[Site "Internet Chess Club"]
[Date "2012.02.24"]
[Round "2"]
[White "Danny-ONeil"]
[Black "Berke"]
[Result "1-0"]
[WhiteElo "1315"]
[BlackElo "1591"]
[Opening "Dutch defense"]
[ECO "A84"]
[Time "17:05:39"]
[TimeControl "2700+45"]

1. d4 f5 2. c4 Nf6 3. Nf3 e6 4. Nc3 Bb4 5. Qc2 d6 6. Bd2 Bxc3 7. Qxc3 O-O 8. Bg5
Qe8 9. e3 Ne4 10. Qc2 Nxg5 11. Nxg5 Qg6 12. Nf3 Nd7 13. Bd3 Qh5 14. O-O f4 15.
exf4 Rxf4 16. Qd2 Rf8 17. Be2 Qg6 18. Rae1 Nf6 19. Bd3 Qh5 20. c5 Bd7 21. cxd6
cxd6 22. Qb4 Bc6 23. Be2 Qg4 24. h3 Qf4 25. Qb3 Bd5 26. Qa4 a6 27. b3 b5 28. Qa5
e5 29. dxe5 dxe5 30. Qc7 Rfe8 31. Bd3 Bxf3 32. gxf3 Qxf3 33. Re3 Qh5 34. Be2 Qh6
35. Rc1 Nd5 36. Bc4 bxc4 37. Qxc4 Rad8 38. Rg3 Kh8 39. a4 Nf4 40. Re1 Nxh3+ 41.
Kf1 Nf4 42. Qe4 Rf8 43. Rc1 Rd4 44. Qb7 Ne6 45. Re1 Qf6 46. Re2 Rd1+ 47. Kg2
Nf4+ 48. Kf3 Nxe2+ 49. Kxe2 Qxf2+ 50. Kxd1 Qxg3 51. Qe7 Rf2 52. Qe8+ Rf8 53.
Qxf8# {Black checkmated} 1-0

[Event "Team 45 45 League T52"]
[Site "Internet Chess Club"]
[Date "2012.02.25"]
[Round "2"]
[White "Razorbackchess"]
[Black "LittleButton"]
[Result "1/2-1/2"]
[WhiteElo "1659"]
[BlackElo "1671"]
[Opening "Kevitz-Trajkovich defense"]
[ECO "A50"]
[Time "09:00:41"]
[TimeControl "2700+45"]

1. d4 Nf6 2. c4 Nc6 3. Nc3 e5 4. d5 Ne7 5. e4 Ng6 6. g3 Bc5 7. Bg2 d6 8. Nge2
Ng4 9. O-O Qf6 10. Qe1 h5 11. h3 Nh6 12. Na4 Bb6 13. Nxb6 axb6 14. f4 exf4 15.
Nxf4 Nxf4 16. Rxf4 Qd4+ 17. Qe3 Qxe3+ 18. Bxe3 f6 19. a3 Nf7 20. Bd4 Bd7 21. b4
Ng5 22. Kh2 Ba4 23. h4 Nf7 24. c5 bxc5 25. bxc5 Bd7 26. Rf3 Ra4 27. Rd3 O-O 28.
Bf3 Ne5 29. Bxe5 fxe5 30. cxd6 cxd6 31. Rb1 b5 32. Rb4 Rxb4 33. axb4 g6 34. Rc3
{Game drawn by mutual agreement} 1/2-1/2

[Event "Team 45 45 League T52"]
[Site "Internet Chess Club"]
[Date "2012.02.26"]
[Round "2"]
[White "Skeptic1972"]
[Black "otherook"]
[Result "1-0"]
[WhiteElo "1674"]
[BlackElo "1768"]
[Opening "Scandinavian (center counter) defense"]
[ECO "B01"]
[Time "14:00:37"]
[TimeControl "2700+45"]

1. e4 d5 2. exd5 Qxd5 3. Nc3 Qa5 4. Nf3 Nf6 5. Bc4 Bf5 6. O-O e6 7. a3 c6 8. d3
Bd6 9. h3 O-O 10. Nh4 Bg6 11. Nxg6 hxg6 12. Ne4 Nxe4 13. dxe4 Nd7 14. Qxd6
{Black resigns} 1-0

[Event "Team 45 45 League T52"]
[Site "Internet Chess Club"]
[Date "2012.02.25"]
[Round "2"]
[White "jfiquett"]
[Black "parrot9"]
[Result "1-0"]
[WhiteElo "1576"]
[BlackElo "1514"]
[Opening "QGA: 4...e6"]
[ECO "D26"]
[Time "10:36:34"]
[TimeControl "2700+45"]

1. d4 d5 2. c4 dxc4 3. Nf3 e6 4. e3 Nf6 5. Bxc4 a6 6. O-O b5 7. Bd3 Bb7 8. Nc3
Nbd7 9. a3 c5 10. Qe2 Be7 11. Rd1 Qb6 12. Ne5 cxd4 13. Nxd7 Nxd7 14. exd4 Nf6
15. Ne4 O-O 16. Nxf6+ Bxf6 17. Be4 Rfd8 18. Bxb7 Qxb7 19. Be3 Rd5 20. Rac1 Rad8
21. Rc5 Bxd4 22. Rxd5 Rxd5 23. Rxd4 Rxd4 24. Bxd4 Qd5 25. Qe5 f6 26. Qxd5 exd5
27. Kf1 Kf7 28. Ke2 Ke6 29. g4 f5 30. h3 fxg4 31. hxg4 g6 32. f4 h5 33. Kf3 a5
34. b4 a4 35. Kg3 Kf7 36. Kh4 hxg4 37. Kxg4 Kg8 38. Kg5 Kh7 39. Be5 {Black
resigns} 1-0

[Event "Team 45 45 League T52"]
[Site "Internet Chess Club"]
[Date "2012.02.25"]
[Round "2"]
[White "QueensCounselor"]
[Black "Chatica"]
[Result "0-1"]
[WhiteElo "2117"]
[BlackElo "2244"]
[Opening "Dutch defense"]
[ECO "A91"]
[Time "10:45:11"]
[TimeControl "2700+45"]

1. d4 e6 2. c4 f5 3. g3 Nf6 4. Bg2 Be7 5. Nc3 O-O 6. Nh3 d6 7. O-O c6 8. Qc2 e5
9. dxe5 dxe5 10. e4 Qe8 11. f4 Qh5 12. fxe5 Ng4 13. Bf4 fxe4 14. Nxe4 Nd7 15.
Qe2 Ndxe5 16. Rae1 Ng6 17. Bd2 Bd7 18. Bc3 Rae8 19. b4 Rxf1+ 20. Rxf1 Rf8 21.
Rxf8+ Bxf8 22. Bf1 Qf5 23. Nf4 Nxf4 {White resigns} 0-1

[Event "Team 45 45 League T52"]
[Site "Internet Chess Club"]
[Date "2012.02.25"]
[Round "2"]
[White "Gregorio"]
[Black "fledermaus"]
[Result "0-1"]
[WhiteElo "1813"]
[BlackElo "1826"]
[Opening "English: three knights system"]
[ECO "A27"]
[Time "09:08:18"]
[TimeControl "2700+45"]

1. c4 e5 2. Nf3 Nc6 3. Nc3 Nge7 4. b4 Ng6 5. b5 Nd4 6. e3 Nxf3+ 7. Qxf3 Bc5 8.
h4 O-O 9. h5 Nh8 10. Bd3 d6 11. Be4 Rb8 12. h6 g5 13. Bd5 g4 14. Qd1 Ng6 15. Ne4
Kh8 16. Nxc5 dxc5 17. Ba3 Qd6 18. O-O Bf5 19. d4 exd4 20. exd4 b6 21. dxc5 bxc5
22. Qa4 Nf4 23. Bb2+ Kg8 24. Bg7 Ne2+ 25. Kh1 Qg6 26. Be5 Qxh6+ 27. Bh2 g3 28.
fxg3 Nxg3+ 29. Kg1 Nxf1 30. Rxf1 Qe3+ 31. Kh1 Be6 32. Bc6 Qe2 33. Rf4 Rbd8 34.
Bf3 Qe1+ 35. Bg1 Rd6 36. Re4 Qc1 37. Rh4 Rfd8 38. Qa3 Qxa3 {White resigns} 0-1

[Event "Team 45 45 League T52"]
[Site "Internet Chess Club"]
[Date "2012.02.27"]
[Round "2"]
[White "fishhead"]
[Black "alexping"]
[Result "1-0"]
[WhiteElo "1917"]
[BlackElo "1895"]
[Opening "French: Tarrasch, closed variation"]
[ECO "C05"]
[Time "11:05:57"]
[TimeControl "2700+45"]

1. e4 e6 2. d4 d5 3. Nd2 Nf6 4. e5 Nfd7 5. Bd3 c5 6. c3 Nc6 7. Ne2 Qb6 8. Nf3
cxd4 9. cxd4 f6 10. exf6 Nxf6 11. O-O Bd6 12. b3 O-O 13. Bf4 Bxf4 14. Nxf4 Kh8
15. Bc2 Bd7 16. Qd2 Rae8 17. Rfe1 Nb4 18. Rad1 Nxc2 19. Qxc2 Ne4 20. Nh5 Rc8 21.
Qb2 Be8 22. Ng3 Nxg3 23. hxg3 Bh5 24. Rd3 Bxf3 25. gxf3 Rf6 26. f4 Qc7 27. Rde3
Qd6 28. Qe2 Rc6 29. Kg2 h6 30. Qh5 Kh7 31. Re5 g6 32. Qe2 Kg7 33. Qe3 h5 34. f5
gxf5 35. Qg5+ Rg6 36. Qxh5 Rh6 37. Qg5+ Rg6 38. Qe3 Kf7 39. Rh1 Qf8 40. Rh7+ Kg8
41. Rxb7 f4 42. Qd3 f3+ 43. Qxf3 Qxf3+ 44. Kxf3 Rf6+ 45. Kg4 Rc2 46. Rxa7 Rcxf2
47. Rg5+ Kf8 48. a4 Rd2 49. Rgg7 Rxd4+ 50. Kg5 Rf5+ 51. Kh6 Rf6+ 52. Kh7 {Black
resigns} 1-0

[Event "Team 45 45 League T52"]
[Site "Internet Chess Club"]
[Date "2012.02.28"]
[Round "2"]
[White "DARKwizard1"]
[Black "jorobo"]
[Result "1/2-1/2"]
[WhiteElo "2074"]
[BlackElo "2012"]
[Opening "French: Winawer, advance, 5.a3"]
[ECO "C17"]
[Time "18:00:33"]
[TimeControl "2700+45"]

1. e4 e6 2. d4 d5 3. Nc3 Bb4 4. e5 c5 5. a3 Ba5 6. Qg4 Kf8 7. dxc5 Bxc3+ 8. bxc3
Qc7 9. Qg3 Nd7 10. Ne2 Nxc5 11. a4 Ne7 12. Ba3 b6 13. Nd4 Ne4 14. Nb5 Qc6 15.
Bxe7+ Kxe7 16. Qxg7 Ba6 17. f3 Bxb5 18. c4 Qc5 19. fxe4 Qe3+ 20. Be2 Bxc4 21.
Qf6+ Ke8 22. Qf3 Qxe2+ 23. Qxe2 Bxe2 24. Kxe2 dxe4 25. a5 b5 26. Ke3 Rg8 27. g3
Rg4 28. a6 Rc8 29. Rhb1 Rc3+ 30. Kd2 Rc5 31. Ra5 e3+ 32. Kxe3 Rxe5+ 33. Kf3 Ra4
34. Raxb5 Rxb5 35. Rxb5 Rxa6 36. Rh5 Rc6 37. Rxh7 Rxc2 38. Rh8+ Ke7 39. h4 a5
40. Ra8 Ra2 41. g4 Kf6 42. Ra6 a4 43. g5+ Kg6 44. Kg4 Rg2+ 45. Kf3 Ra2 46. Kg4
a3 47. h5+ Kg7 48. Ra7 Ra1 49. Kh3 a2 50. Kh2 Kg8 51. Ra8+ Kg7 52. Ra7 Kh8 53.
Ra8+ Kg7 54. Ra7 Kh8 55. Ra8+ Kg7 56. Ra7 {Game drawn by repetition} 1/2-1/2

[Event "Team 45 45 League T52"]
[Site "Internet Chess Club"]
[Date "2012.02.25"]
[Round "2"]
[White "CamNewton"]
[Black "BigH"]
[Result "1-0"]
[WhiteElo "2050"]
[BlackElo "2130"]
[Opening "Scotch: Mieses variation"]
[ECO "C45"]
[Time "11:09:36"]
[TimeControl "2700+45"]

1. e4 e5 2. Nf3 Nc6 3. d4 exd4 4. Nxd4 Nf6 5. Nxc6 bxc6 6. e5 Qe7 7. Qe2 Nd5 8.
c4 Ba6 9. b3 g6 10. f4 d6 11. Bb2 Bg7 12. Qd2 Nf6 13. Qa5 O-O 14. Nc3 Bb7 15.
Be2 Nh5 16. O-O Rfe8 17. Bxh5 gxh5 18. Rae1 dxe5 19. Ne4 f6 20. Ba3 Qf7 21. Nc5
Bc8 22. fxe5 Qg6 23. e6 h4 24. h3 f5 25. e7 Qg3 26. Rf3 Bd4+ 27. Kh1 Qd6 28. Ne4
Qg6 29. Nc5 Qd6 30. Ne6 c5 31. Nxc5 Rxe7 32. Ne6 Rxe6 33. Bxd6 Rxe1+ 34. Qxe1
cxd6 35. Qe8+ Kg7 36. Qe7+ Kg8 37. Qxd6 {Black resigns} 1-0

[Event "Team 45 45 League T52"]
[Site "Internet Chess Club"]
[Date "2012.02.28"]
[Round "2"]
[White "achessman"]
[Black "livis"]
[Result "1/2-1/2"]
[WhiteElo "1965"]
[BlackElo "1964"]
[Opening "French: Chigorin variation"]
[ECO "C00"]
[Time "17:19:42"]
[TimeControl "2700+45"]

1. e4 e6 2. Qe2 c5 3. Nf3 Nc6 4. g3 d6 5. Bg2 Bd7 6. c3 e5 7. O-O Bg4 8. h3 Bh5
9. Rd1 Bxf3 10. Bxf3 Qc7 11. d3 Nf6 12. Be3 Be7 13. Kh2 h6 14. Bg2 g5 15. f4
gxf4 16. gxf4 O-O-O 17. Na3 a6 18. f5 Rdg8 19. Rg1 Nd7 20. Nc2 Qd8 21. d4 Bg5
22. d5 Na7 23. Bf3 Bxe3 24. Qxe3 Qh4 25. b4 b6 26. bxc5 dxc5 27. a4 Kd8 28. Na3
h5 29. Nc4 Nc8 30. Rxg8+ Rxg8 31. Rg1 Rxg1 32. Qxg1 Qf4+ 33. Qg3 Qxg3+ 34. Kxg3
b5 35. axb5 axb5 36. Na5 Nd6 37. Nc6+ Ke8 38. Kf2 h4 39. Ke3 Kf8 40. Be2 Kg7 41.
Bd3 Kh6 42. Be2 Kg5 43. Bd3 c4 44. Bc2 Kf6 45. Kf3 Nc5 46. Ke3 Nd7 47. Nb4 Nf8
48. Na6 Nd7 49. Kf3 Kg5 50. Ke3 Nf6 51. Nc5 Nh5 52. Nd7 f6 53. Nf8 Kh6 54. Ng6
Kg5 55. Nf8 Kh6 56. Ne6 Ng3 57. Nc5 Kg5 58. Bd1 Nf1+ 59. Ke2 Ng3+ 60. Kf3 Kh6
61. Bc2 Nf1 62. Kf2 Ng3 63. Kf3 Kg5 64. Ne6+ Kh6 65. Nf8 Nf1 66. Ng6 Kg5 67. Ke2
Ng3+ 68. Kf3 Nf1 69. Nf8 Kh6 70. Ke2 Ng3+ 71. Kf3 Nf1 72. Ne6 Ng3 73. Nc5 Kg5
74. Bd1 Kh6 75. Be2 Kg7 76. Bd1 Kh6 77. Bc2 Nf1 78. Kf2 Ng3 79. Kf3 Nf1 80. Kf2
{Game drawn by repetition} 1/2-1/2

[Event "Team 45 45 League T52"]
[Site "Internet Chess Club"]
[Date "2012.02.25"]
[Round "2"]
[White "Tamarin"]
[Black "Nakke"]
[Result "1-0"]
[WhiteElo "1913"]
[BlackElo "1946"]
[Opening "QGD semi-Slav: 5.e3"]
[ECO "D45"]
[Time "18:00:46"]
[TimeControl "2700+45"]

1. d4 d5 2. c4 c6 3. Nf3 Nf6 4. Nc3 e6 5. e3 Be7 6. Qc2 O-O 7. Bd3 dxc4 8. Bxc4
b5 9. Bd3 Bb7 10. e4 h6 11. e5 Nd5 12. Nxd5 cxd5 13. O-O Qb6 14. Be3 b4 15. Qd2
Ba6 16. Rac1 Bxd3 17. Qxd3 Nd7 18. Rc2 Rfc8 19. Rfc1 Qb7 20. h3 Nb6 21. Nd2 Rxc2
22. Rxc2 Rc8 23. f4 Rxc2 24. Qxc2 Qc8 25. Qxc8+ Nxc8 26. Nb3 Kf8 27. Kf1 Ke8 28.
Bd2 Nb6 29. Na5 Kd7 30. Ke2 Nc4 31. Nxc4 dxc4 32. Ke3 Kc6 33. Ke4 a5 34. g4 a4
35. f5 b3 36. axb3 cxb3 37. Bc1 Bg5 38. Bxg5 hxg5 39. Kd3 Kd5 40. Kc3 Ke4 41.
Kb4 Kxd4 42. Kxa4 Kc4 43. Ka3 exf5 44. gxf5 Kd5 45. e6 fxe6 46. fxe6 Kxe6 47.
Kxb3 Kd5 48. Kc3 Kc5 49. Kd3 Kb4 50. Ke4 {Black resigns} 1-0

[Event "Team 45 45 League T52"]
[Site "Internet Chess Club"]
[Date "2012.02.25"]
[Round "2"]
[White "tryanything"]
[Black "BotanicalKnight"]
[Result "1/2-1/2"]
[WhiteElo "1562"]
[BlackElo "1513"]
[Opening "Dutch"]
[ECO "A80"]
[Time "17:04:20"]
[TimeControl "2700+45"]

1. d4 f5 2. Nc3 d5 3. e4 dxe4 4. f3 e5 5. d5 exf3 6. Nxf3 e4 7. Bg5 Be7 8. Bb5+
c6 9. Bxe7 Nxe7 10. dxc6 bxc6 11. Qxd8+ Kxd8 12. Ne5 Kc7 13. Bc4 Nd7 14. Nxd7
Bxd7 15. O-O-O Rhd8 16. Rd2 Be8 17. Rhd1 Rxd2 18. Rxd2 Rd8 19. Rxd8 Kxd8 20. Kd2
Ng6 21. g3 Ne5 22. Be2 Bf7 23. b3 Kd7 {Game drawn by mutual agreement} 1/2-1/2

[Event "Team 45 45 League T52"]
[Site "Internet Chess Club"]
[Date "2012.02.26"]
[Round "2"]
[White "The-Capitalist"]
[Black "nanning"]
[Result "0-1"]
[WhiteElo "1404"]
[BlackElo "1557"]
[Opening "Caro-Kann: classical, Spassky variation"]
[ECO "B19"]
[Time "14:00:34"]
[TimeControl "2700+45"]

1. e4 c6 2. d4 d5 3. Nc3 dxe4 4. Nxe4 Bf5 5. Ng3 Bg6 6. h4 h6 7. Nf3 Nd7 8. h5
Bh7 9. Bd3 Bxd3 10. Qxd3 e6 11. Bd2 Ngf6 12. O-O-O Be7 13. Qe2 Qc7 14. Ne5 c5
15. Rhe1 cxd4 16. Nxd7 Nxd7 17. Qe4 Rc8 18. c3 Bf6 19. Ne2 Nc5 20. Qg4 Nd3+ 21.
Kb1 Qb6 22. Bc1 Nxe1 23. Rxe1 dxc3 24. Nxc3 Rxc3 25. Qa4+ Rc6 26. Qb3 O-O 27.
Qxb6 Rxb6 28. b3 a5 29. Be3 Rb5 30. g4 Rc8 31. f4 a4 32. g5 hxg5 33. fxg5 Bxg5
34. Bxg5 Rxg5 35. b4 Rxh5 36. a3 Rc3 37. Kb2 Rb3+ 38. Ka2 Rh2+ {White resigns}
0-1

[Event "Team 45 45 League T52"]
[Site "Internet Chess Club"]
[Date "2012.02.23"]
[Round "2"]
[White "JohLeb"]
[Black "PostMike"]
[Result "0-1"]
[WhiteElo "1400"]
[BlackElo "1459"]
[Opening "Queen's Indian: 4.Nc3, main line"]
[ECO "E13"]
[Time "14:32:52"]
[TimeControl "2700+45"]

1. d4 Nf6 2. c4 e6 3. Nc3 Bb4 4. Nf3 b6 5. Bg5 h6 6. Bh4 Bb7 7. e3 O-O 8. a3 Be7
9. Bd3 c5 10. O-O d5 11. cxd5 Nxd5 12. Bg3 cxd4 13. Nxd4 Nxc3 14. bxc3 Nd7 15.
Bc2 Rc8 16. Qd3 Nf6 17. Be5 Be4 18. Qd2 Qd5 19. Bxf6 Bxf6 20. Bxe4 Qxe4 21. f3
Qd5 22. e4 Qc5 23. Kh1 Qxc3 24. Qxc3 Rxc3 25. Nb5 Rb3 26. Rab1 Rxb1 27. Rxb1 Ra8
28. a4 Bd8 29. Rd1 a6 30. Na3 Be7 31. Nc4 b5 32. axb5 axb5 33. Ne5 b4 34. Nc6
Bf8 35. Rb1 Ra6 36. Nd4 Ra2 37. h3 Ra3 38. Nb3 g5 39. g4 Bg7 40. Kg1 Bc3 41. Nc1
Ra1 42. Rxa1 Bxa1 43. Nb3 Kg7 44. Kf2 Kf6 45. Ke3 Bc3 46. Nc5 Ke5 47. Nd3+ Kd6
48. f4 Kc6 49. fxg5 hxg5 50. Nc1 Kb5 51. Kd3 e5 52. Na2 Bd4 53. Nc1 Ka4 54. Kc4
Ka3 55. Nb3 Bc3 56. Nc1 Bb2 57. Nb3 Bd4 58. Nc1 Bc3 59. Nb3 Kb2 60. Nc5 Kc2 61.
Nd3 b3 62. Nb4+ Bxb4 {White resigns} 0-1

[Event "Team 45 45 League T52"]
[Site "Internet Chess Club"]
[Date "2012.02.27"]
[Round "2"]
[White "KidRattler"]
[Black "theartist"]
[Result "1/2-1/2"]
[WhiteElo "1425"]
[BlackElo "1219"]
[Opening "English: ultra-symmetrical variation"]
[ECO "A36"]
[Time "12:02:23"]
[TimeControl "2700+45"]

1. c4 c5 2. g3 g6 3. Bg2 Bg7 4. Nc3 Nc6 5. e3 e6 6. Nge2 Nge7 7. O-O O-O 8. b3
b6 9. Bb2 Bb7 10. Na4 Bxb2 11. Nxb2 d5 12. d4 dxc4 13. Nxc4 Qc7 14. dxc5 Rad8
15. Qc2 bxc5 16. Rad1 Rxd1 17. Rxd1 Rd8 18. Rxd8+ Nxd8 19. Bxb7 Nxb7 20. Qe4 Qc6
21. Qf4 Nf5 22. e4 Nfd6 23. Nc3 Nxc4 24. bxc4 Qd6 25. Qe3 Qd4 26. Qxd4 cxd4 27.
Nb5 d3 28. Kf1 a6 29. Nc3 Nc5 30. Ke1 Kf8 31. Kd2 Ke7 32. f4 f5 33. e5 Kd7 34.
a4 Kc6 35. a5 {Game drawn by mutual agreement} 1/2-1/2

[Event "Team 45 45 League T52"]
[Site "Internet Chess Club"]
[Date "2012.02.27"]
[Round "2"]
[White "Juan73"]
[Black "SirIvanhoe"]
[Result "1-0"]
[WhiteElo "1753"]
[BlackElo "1488"]
[Opening "Caro-Kann defense"]
[ECO "B11"]
[Time "19:09:02"]
[TimeControl "2700+45"]

1. e4 c6 2. Nc3 d5 3. exd5 cxd5 4. d4 Nf6 5. Nf3 Bg4 6. Bb5+ Nbd7 7. h3 Bxf3 8.
Qxf3 e6 9. Bg5 Be7 10. O-O O-O 11. Rad1 Ne8 12. Be3 Bg5 13. Bxg5 Qxg5 14. Bxd7
Qe7 15. Bb5 Qb4 16. Bd3 g6 17. Rb1 Qxd4 18. Rfe1 a6 19. Ne2 Qa4 20. a3 Rc8 21.
Qg3 Ng7 22. h4 Nh5 23. Qg5 Rc7 24. g3 Rfc8 25. Nf4 Nxf4 26. gxf4 Qd4 27. h5 Qg7
28. hxg6 hxg6 29. Kg2 Rxc2 30. Bxc2 Rxc2 31. Qd8+ Qf8 32. Qxf8+ Kxf8 33. Rec1
Rc4 34. Rxc4 dxc4 35. a4 b5 36. axb5 axb5 37. Kf3 Ke7 38. Ke4 b4 39. Kd4 c3 40.
b3 Kf6 41. Kc4 Kf5 42. Kxb4 Kxf4 43. Kxc3 Kf3 44. Rb2 Kf4 45. b4 Ke5 46. b5 Kd6
47. b6 {Black resigns} 1-0

[Event "Team 45 45 League T52"]
[Site "Internet Chess Club"]
[Date "2012.02.26"]
[Round "2"]
[White "LeanSixSigma"]
[Black "PANAMA-REY"]
[Result "1/2-1/2"]
[WhiteElo "1399"]
[BlackElo "1470"]
[Opening "Hungarian defense"]
[ECO "C50"]
[Time "13:02:50"]
[TimeControl "2700+45"]

1. e4 e5 2. Nf3 Nc6 3. Bc4 Be7 4. Nc3 Nf6 5. d3 h6 6. Bd2 d6 7. a3 Bg4 8. h3 Bd7
9. Nd5 Nxd5 10. Bxd5 Bf6 11. b4 a6 12. c3 Rb8 13. Qb3 O-O 14. Qa2 Qe7 15. Be3
Nd8 16. Rc1 Be6 17. Bxe6 Nxe6 18. O-O Ng5 19. Nxg5 Bxg5 20. f4 exf4 21. Bxf4 Kh8
22. Rf3 f5 23. Bxg5 Qxg5 24. Rcf1 f4 25. Qc4 c6 26. Qd4 Rbd8 27. Qf2 Qe5 28. Qd4
Qg5 29. Qb6 Rd7 30. Qd4 Rf6 31. c4 Rdf7 32. Qb2 Rg6 33. d4 Rgf6 34. e5 dxe5 35.
dxe5 Re6 36. Re1 Rfe7 37. Qd4 Rxe5 38. Qd8+ Kh7 39. Rxe5 Qxe5 40. Qd3+ Kg8 41.
Kh2 Re8 42. Qd7 Re7 43. Qc8+ Kh7 44. Qf8 Qg5 45. Qxf4 Qg6 46. Qf5 Qxf5 47. Rxf5
Kg6 48. Rf3 Rf7 49. Kg3 Rd7 50. c5 {Game drawn by mutual agreement} 1/2-1/2

[Event "Team 45 45 League T52"]
[Site "Internet Chess Club"]
[Date "2012.02.26"]
[Round "2"]
[White "samjalex87"]
[Black "drsigmund1"]
[Result "0-1"]
[WhiteElo "1051"]
[BlackElo "1434"]
[Opening "French defense"]
[ECO "C00"]
[Time "15:32:56"]
[TimeControl "2700+45"]

1. e4 e6 2. Nc3 d5 3. exd5 exd5 4. d4 Bb4 5. Ne2 Bg4 6. Bd2 Nf6 7. g3 O-O 8. Bg2
Qd7 9. h3 Bf5 10. Nf4 Re8+ 11. Nce2 Bxd2+ 12. Qxd2 Ne4 13. Bxe4 Rxe4 14. O-O-O
Nc6 15. Nc3 Rxd4 16. Qe2 Rxd1+ 17. Rxd1 d4 18. Ncd5 Be6 19. c4 Re8 20. Qd3 Bf5
21. Qd2 Qd6 22. g4 Be4 23. Re1 Kf8 24. Qe2 Qe5 25. Qd1 Nb4 26. Qb3 Nxd5 27. Nxd5
Qd6 28. Qxb7 c6 29. Nc7 Qf4+ 30. Kd1 Qf3+ 31. Kc1 Qf4+ 32. Kd1 Bf3+ 33. Kc2 Rxe1
34. Qc8+ Ke7 35. Qe8+ Kf6 36. Qxe1 Qxc7 37. g5+ Kxg5 38. Qd2+ Qf4 39. h4+ Kg4
40. Qd3 Qe4 {White resigns} 0-1

[Event "Team 45 45 League T52"]
[Site "Internet Chess Club"]
[Date "2012.02.27"]
[Round "2"]
[White "lawth3"]
[Black "Docvan"]
[Result "0-1"]
[WhiteElo "1168"]
[BlackElo "1219"]
[Opening "QGD semi-Slav"]
[ECO "D43"]
[Time "19:59:36"]
[TimeControl "2700+45"]

1. d4 Nf6 2. c4 e6 3. Nf3 d5 4. Nc3 c6 5. Bf4 Nbd7 6. e3 Be7 7. Bd3 Nh5 8. Be5
f6 9. Bf4 Nxf4 10. exf4 dxc4 11. Bxc4 Nb6 12. Bd3 O-O 13. Bc2 Bd7 14. Qd3 g6 15.
h4 Nd5 16. g3 Qc7 17. h5 Nb4 18. Qd2 Nxc2+ 19. Qxc2 g5 20. fxg5 fxg5 21. Ne5 c5
22. Ng6 hxg6 23. hxg6 cxd4 24. g7 Qe5+ 25. Kf1 Qxg7 26. Ne2 Bc6 27. Rh2 Rad8 28.
Rd1 d3 29. Rxd3 Be4 30. Nc1 Qg6 31. Qc3 Bxd3+ 32. Kg1 Be4 33. Qh8+ Kf7 34. Qe5
Rd1# {White checkmated} 0-1

[Event "Team 45 45 League T52"]
[Site "Internet Chess Club"]
[Date "2012.02.24"]
[Round "2"]
[White "krysto"]
[Black "chekbouncer"]
[Result "1-0"]
[WhiteElo "1628"]
[BlackElo "1507"]
[Opening "QGA, 4.e3"]
[ECO "D25"]
[Time "21:00:35"]
[TimeControl "2700+45"]

1. d4 d5 2. c4 dxc4 3. Nf3 Nf6 4. e3 Nc6 5. Bxc4 e6 6. O-O Bd6 7. Qe2 O-O 8. Nc3
b6 9. Rd1 Bb7 10. e4 Ne8 11. e5 Be7 12. d5 exd5 13. Bxd5 Qc8 14. Qe4 Na5 15. Bg5
Bxd5 16. Nxd5 Bxg5 17. Nxg5 f5 18. Ne7+ Kh8 19. Qh4 {Black resigns} 1-0

[Event "Team 45 45 League T52"]
[Site "Internet Chess Club"]
[Date "2012.02.26"]
[Round "2"]
[White "Elalfer"]
[Black "jjaillet2007"]
[Result "1-0"]
[WhiteElo "1389"]
[BlackElo "1367"]
[Opening "QGD: Tarrasch defense, 4.cd ed"]
[ECO "D32"]
[Time "10:00:26"]
[TimeControl "2700+45"]

1. d4 d5 2. c4 e6 3. Nc3 c5 4. cxd5 exd5 5. e3 Nc6 6. Nf3 Bd6 7. dxc5 Bxc5 8.
Qxd5 Qxd5 9. Nxd5 Kd7 10. Bb5 Ne7 11. Nxe7 Kxe7 12. Bxc6 bxc6 13. O-O Rd8 14.
Bd2 Bg4 15. Ba5 Bb6 16. Bxb6 axb6 17. Ne5 Bd7 18. Rfd1 f6 19. Nxd7 Rxd7 20.
Rxd7+ Kxd7 21. Rd1+ Ke6 22. a3 b5 23. f4 f5 24. Kf2 c5 25. Kf3 b4 26. axb4 cxb4
27. Rd4 Rb8 28. b3 h6 29. g4 g6 30. h4 h5 31. g5 Rb5 32. Ke2 Rb7 33. Kd3 Rd7 34.
Rxd7 Kxd7 35. Kc4 Kc6 36. Kxb4 Kb6 37. Kc4 Kc6 38. b4 Kb6 39. b5 Kc7 40. Kc5 Kb7
41. b6 Kc8 42. Kc6 Kb8 43. b7 Ka7 44. Kc7 {Black resigns} 1-0

[Event "Team 45 45 League T52"]
[Site "Internet Chess Club"]
[Date "2012.02.26"]
[Round "2"]
[White "arconia"]
[Black "tamky70"]
[Result "1-0"]
[WhiteElo "1311"]
[BlackElo "1412"]
[Opening "Vienna: Falkbeer variation"]
[ECO "C26"]
[Time "10:00:58"]
[TimeControl "2700+45"]

1. e4 Nf6 2. Nc3 e5 3. Be2 Bb4 4. a3 Bxc3 5. bxc3 Nxe4 6. Bb2 d6 7. d4 Qf6 8.
Nf3 O-O 9. O-O Bf5 10. c4 Nc6 11. h3 Ng5 12. Nh2 Nxd4 13. Ng4 Bxg4 14. Bxg4 c5
15. Rb1 h5 16. Bxh5 Nxh3+ 17. gxh3 Qg5+ 18. Qg4 Nf3+ 19. Kh1 Qxg4 20. Bxg4 Nd2
21. Ba1 Nxb1 22. Rxb1 f5 23. Bh5 b6 24. f4 Rf6 25. Kh2 Rh6 26. Bf3 e4 27. Bg2
Re8 28. Rg1 Re7 29. Bh1 g6 30. Rd1 Re6 31. a4 Kf7 32. Rb1 e3 33. Bd5 Rh7 34.
Bxe6+ Kxe6 35. Re1 Kd7 36. Rxe3 Rf7 37. Rd3 Kc6 38. Rb3 Re7 39. Kg3 Re4 40. Rc3
d5 41. cxd5+ Kxd5 42. Rd3+ Kc6 43. Be5 Rxa4 44. Rd6+ Kb5 45. Rxg6 a5 46. Rg5 Re4
47. Rxf5 a4 48. Rf8 a3 49. Ra8 Re3+ 50. Kg4 Kb4 51. f5 c4 52. Bd6+ Kb5 53. Bxa3
Rc3 54. f6 Rxc2 55. f7 Rf2 56. f8=Q Rxf8 57. Bxf8 {Black resigns} 1-0

[Event "Team 45 45 League T52"]
[Site "Internet Chess Club"]
[Date "2012.02.24"]
[Round "2"]
[White "bookseller"]
[Black "smsxman"]
[Result "1/2-1/2"]
[WhiteElo "1596"]
[BlackElo "1468"]
[Opening "King's pawn game"]
[ECO "C50"]
[Time "10:00:20"]
[TimeControl "2700+45"]

1. e4 e5 2. Nf3 Nc6 3. Bc4 d6 4. d4 exd4 5. Nxd4 Nxd4 6. Qxd4 Bd7 7. O-O Nf6 8.
Nc3 Be7 9. Nd5 O-O 10. Nxe7+ Qxe7 11. Bg5 c5 12. Bxf6 Qxf6 13. Qxf6 gxf6 14.
Rad1 Bc6 15. Rxd6 Kg7 16. f3 Rad8 17. Rfd1 Rxd6 18. Rxd6 Rc8 19. Kf2 b5 20. Bd5
Bxd5 21. Rxd5 Rc6 22. f4 a6 23. e5 Kf8 24. exf6 Rxf6 25. Rxc5 Rxf4+ 26. Kg3 Rf6
27. c4 Rg6+ 28. Kf2 Rf6+ 29. Kg1 bxc4 30. Rxc4 Rd6 31. Rc2 h6 32. h3 a5 33. Rc5
a4 34. b3 Rd1+ 35. Kh2 Rd4 36. bxa4 Rxa4 37. Rc2 h5 38. Rc5 h4 39. Rg5 f6 40.
Rg4 Rxa2 41. Rxh4 Kf7 42. Rg4 f5 43. Rg3 Kf6 44. h4 Ra4 45. Rh3 Rg4 46. h5 Rg7
47. h6 Rh7 48. Kg3 Kg5 49. Kf3 Rxh6 50. Rxh6 Kxh6 51. Kf4 Kg6 52. g4 fxg4 53.
Kxg4 {Game drawn because neither player has mating material} 1/2-1/2